 Dungeon Crawl Stone Soup version 0.25-a0-425-g0e000e855e (webtiles) character file.

Game seed: 5293670089564566010, levelgen mode: deterministic

1248 Kohma the Changer (level 8, -4/59 HPs)
             Began as a Grey Draconian Transmuter on Jan 24, 2020.
             Slain by Harold
             ... wielding a +2 short sword of speed
              (21 damage)
             ... on level 6 of the Dungeon.
             The game lasted 00:18:10 (6839 turns).

Kohma the Changer (Grey Draconian Transmuter)       Turns: 6839, Time: 00:18:10

Health: -4/59      AC:  2    Str: 12    XL:     8   Next: 26%
Magic:  6/11       EV: 22    Int: 16    God:
Gold:   333        SH:  0    Dex: 17    Spells: 5/11 levels left

rFire    . . .     SeeInvis .     - Unarmed
rCold    . . .     Gourm    .   (shield currently unavailable)
rNeg     . . .     Faith    .   (armour unavailable)
rPois    x         Spirit   .   (helmet currently unavailable)
rElec    .         Reflect  .   (cloak currently unavailable)
rCorr    .         Harm     .   (gloves currently unavailable)
MR       .....                  (boots currently unavailable)
Stlth    ++........             (no amulet)
HPRegen  0.19/turn              (no ring)
MPRegen  0.12/turn              (no ring)

@: spider-form (expiring), marked
A: tiny, (walk through water), unfitting armour, AC +11
a: End Transformation


You were on level 6 of the Dungeon.
You were not hungry.
You were a venomous arachnid creature.
You visited 1 branch of the dungeon, and saw 7 of its levels.

You collected 333 gold pieces.

Inventory:

Hand Weapons
 f - a +1 dagger of holy wrath
Missiles
 a - 72 arrows
 r - a throwing net (quivered)
Armour
 j - a +0 buckler
 k - a +0 pair of gloves (melded)
 m - a +0 cloak (melded)
Jewellery
 s - an uncursed ring of ice
Wands
 l - a wand of flame (14)
 o - a wand of clouds (5)
 p - a wand of digging (8)
 w - a wand of scattershot (7)
Scrolls
 d - a scroll of blinking {unknown}
 e - 4 scrolls of remove curse
 g - 2 scrolls of amnesia
 h - 2 scrolls of fear
 i - a scroll of random uselessness {unknown}
Potions
 b - 2 potions of berserk rage {unknown}
 n - a potion of flight
 q - 2 potions of heal wounds
 u - a potion of curing {unknown}
 v - 2 potions of might
Comestibles
 c - 8 rations


   Skills:
 - Level 1.1 Fighting
 + Level 4.5 Dodging
 + Level 5.5 Unarmed Combat
 - Level 2.0 Spellcasting
 + Level 7.3 Transmutations
 - Level 2.1 Poison Magic


You had 5 spell levels left.
You knew the following spells:

 Your Spells              Type           Power        Failure   Level  Hunger
a - Beastly Appendage     Tmut           ####..       5%          1    #......
b - Sticks to Snakes      Tmut           ####....     7%          2    ###....
c - Spider Form           Tmut/Pois      ###.......   22%         3    ###....

Your spell library contained the following spells:

 Spells                   Type           Power        Failure   Level  Hunger
 Blade Hands              Tmut           ####......   50%         5    ######.
 Ice Form                 Ice/Tmut       ##......     63%         4    #####..


Dungeon Overview and Level Annotations

Branches:
Dungeon (7/15)
 Temple: D:4-7

Altars:
Elyvilon
Gozag
Makhleb
Okawaru
Ru
Sif Muna
Zin

Shops:
D:2 *   D:5 :   D:6 *

Annotations:
D:6 Harold


Innate Abilities, Weirdness & Mutations

((You can walk through water.))
((Your dull iron-grey scales are very hard. (AC +11)))
You cannot fit into any form of body armour.
((You can survive without breathing.))
((You are cold-blooded and may be slowed by cold attacks.))


Message History

Your adder bites Harold but does no damage.
Harold closely misses you.
You hit Harold.
Harold looks as sick as possible!
Harold is moderately wounded.
Your adder bites Harold but does no damage.
Harold hits you with a +2 short sword of speed.
You hit Harold.
Harold is heavily wounded.
Your adder bites Harold but does no damage.
Harold hits you with a +2 short sword of speed.
You hit Harold.
Harold looks as sick as possible!
Harold is heavily wounded.
Your adder bites Harold but does no damage.
Harold hits you with a +2 short sword of speed.
* * * LOW HITPOINT WARNING * * *
Your adder bites Harold but does no damage.
You hit Harold.
Harold is heavily wounded.
Harold hits you with a +2 short sword of speed!!
You die...

##.## #)###.# ##.#.####
#.# #.. ##.###.#.##
####.####. #.## ##.#.#
#.......#. #..###.#.##
#.##.##.## #.#.#.J#.#
#.##.##.## #.##.#.#.#
#.##.##.##
#.##.#.#@########.##.##.#
#.#...@#Ss...........##.#
#......##########....##.#
###....# ##..#.##.#
##.#.#########...#J@S.##
##.#......@....###.#....
#######
#........#####..)#.>...#
......####..#.###.#
#...#..##.#
#####.#.....#.# #.#
#.#...###.# #.#.##.##.#
#.# #.##..###.#


You could see Harold and a friendly adder.

Vanquished Creatures
  Grinder (D:6)
  Eustachio (D:6)
  Edmund (D:3)
  An ice beast (D:6)
  A centaur (D:5)
  2 scorpions (D:6)
  A crimson imp (D:6)
  3 hounds
  An orc wizard (D:4)
  An orc priest (D:4)
  2 jellies
  3 worker ants
  An adder (D:2)
  An adder zombie (D:6)
  4 dart slugs
  3 leopard geckos
  13 orcs
  A ball python (D:3)
  5 giant cockroaches
  9 goblins
  5 hobgoblins
  2 jackals (D:1)
  2 quokkas
  4 bats
  8 frilled lizards
  A kobold (D:3)
  A leopard gecko skeleton (D:6)
  A leopard gecko zombie (D:5)
  8 rats
87 creatures vanquished.

Vanquished Creatures (collateral kills)
  An ogre (D:5)
  A bullfrog (D:7)
  2 adders
  A worm (D:3)
  2 leopard geckos
  An orc (D:6)
  A goblin (D:2)
  A kobold (D:3)
  2 bats
12 creatures vanquished.

Grand Total: 99 creatures vanquished

Notes
Turn   | Place    | Note
-------+----------+-------------------------------------------
     0 | D:1      | Kohma the Draconian Transmuter began the quest for the Orb.
     0 | D:1      | Reached XP level 1. HP: 16/16 MP: 3/3
   163 | D:1      | Reached XP level 2. HP: 23/23 MP: 5/5
   473 | D:1      | Reached skill level 3 in Transmutations
  1015 | D:2      | Learned a level 2 spell: Sticks to Snakes
  1022 | D:2      | Reached XP level 3. HP: 26/28 MP: 0/6
  1136 | D:2      | Found an opulent altar of Gozag.
  1139 | D:2      | Found Gozag's Platinum Reserve.
  1309 | D:2      | Reached skill level 4 in Transmutations
  1358 | D:2      | Found an iron altar of Okawaru.
  1359 | D:2      | Found a white marble altar of Elyvilon.
  1582 | D:2      | Learned a level 3 spell: Spider Form
  1767 | D:3      | Reached XP level 4. HP: 11/35 MP: 7/7
  2127 | D:3      | Found a glowing silver altar of Zin.
  2127 | D:3      | Found an opulent altar of Gozag.
  2220 | D:3      | Reached skill level 1 in Poison Magic
  2809 | D:4      | Noticed Edmund
  2831 | D:3      | Killed Edmund
  2831 | D:3      | Reached skill level 5 in Transmutations
  2831 | D:3      | Reached XP level 5. HP: 24/40 MP: 5/8
  3092 | D:4      | Found a sacrificial altar of Ru.
  3274 | D:4      | Reached XP level 6. HP: 16/47 MP: 1/9
  3276 | D:4      | HP: 2/47 [orc wizard/+0 dagger (1)]
  4210 | D:5      | Entered Level 5 of the Dungeon
  4251 | D:5      | Found a shimmering blue altar of Sif Muna.
  4388 | D:5      | Found Puevysae's Book Boutique.
  4572 | D:5      | Reached skill level 6 in Transmutations
  5019 | D:6      | Noticed Eustachio
  5040 | D:6      | Noticed an ice beast
  5355 | D:6      | Killed an ice beast
  5355 | D:6      | Your scales start taking on a dull iron-grey colour.
  5355 | D:6      | Reached XP level 7. HP: 42/52 MP: 8/10
  5355 | D:6      | Gained mutation: You can survive without breathing. [Grey
                  | Draconian growth]
  5509 | D:6      | Killed Eustachio
  5890 | D:6      | Found Onkim's Assorted Antiques.
  6055 | D:6      | Noticed Grinder
  6071 | D:6      | Killed Grinder
  6071 | D:6      | Reached skill level 5 in Unarmed Combat
  6071 | D:6      | Reached skill level 7 in Transmutations
  6071 | D:6      | Reached XP level 8. HP: 58/59 MP: 8/11
  6318 | D:6      | Found a burning altar of Makhleb.
  6552 | D:7      | Noticed Harold
  6839 | D:6      | Slain by Harold

Levels and vault maps discovered:
D:1:      minmay_arrival_four_loops, layout_basic
D:2:      layout_loops_cross, nicolae_overflow_hidden_temple, first_ration,
          chequers_decorated_corner, nicolae_gozag_zags_fifth_avenue
D:3:      layout_rooms, grunt_temple_overflow_gold_and_silver,
          minmay_misc_feat_five, supply_closet_lemuel, grunt_decor_clamped
D:4:      layout_basic, serial_corexii_hall, corexii_hall_statues_x,
          corexii_hall_statues_s, corexii_hall_statues_t,
          corexii_hall_statues_x, corexii_hall_statues_i,
          corexii_hall_statues_l, nicolae_ru_path_of_blood, uniq_edmund
D:5:      layout_loops_corners, lemuel_doored_altar, serial_shops,
          nicolae_shop_trees
D:6:      layout_loops_ring, makhleb_heckhound_becter, serial_shops,
          kennysheep_mini, minmay_misc_feat_room,
          hangedman_abyss_or_decor_passed, corexii_item_surrounded_by_moat,
          uniq_eustachio, uniq_grinder
D:7:      layout_basic, minmay_temple_entry_large_hall,
          chequers_serial_rivers_room_a, uniq_duvessa, uniq_pikel, uniq_harold

Skill      XL: |  1  2  3  4  5  6  7 |
---------------+----------------------+-----
Transmutations | 3 4 5 6 7 |  7.3
Poison Magic   | 2 |  2.1
Dodging        | 2 3 4 |  4.5
Unarmed Combat | 4 5 |  5.5
Fighting       | |  1.1
Spellcasting   | |  2.0

Action                   |  1- 3 |  4- 6 |  7- 9 || total
-------------------------+-------+-------+-------++-------
Melee: Unarmed           |   135 |   109 |    99 ||   343
       Kick              |     9 |     5 |       ||    14
       Tailslap          |    14 |     7 |     1 ||    22
       Headbutt          |     5 |     1 |       ||     6
       Punch             |     1 |       |       ||     1
 Cast: Beastly Appendage |    26 |     6 |       ||    32
       Sticks to Snakes  |     6 |     7 |     8 ||    21
       Spider Form       |       |    12 |    14 ||    26
Evoke: Wand              |       |       |     1 ||     1
  Use: Potion            |       |     4 |       ||     4
       Scroll            |       |     7 |       ||     7
 Stab: Distracted        |     1 |       |       ||     1
  Eat: Chunk             |     4 |     7 |     5 ||    16
       Ration            |       |     2 |     1 ||     3
Armor: Skin              |    60 |    24 |    15 ||    99
Dodge: Dodged            |   102 |    85 |   115 ||   302

Table legend:
 A = Non-vault XP
 B = Vault XP
 C = Vault XP percentage of total XP
 D = Non-vault monster count
 E = Vault monster count
 F = Vault count percentage of total count
                 A         B        C        D         E       F
            +---------+---------+-------+---------+---------+-------
      Total |    1097 |     686 |  38.5 |      95 |       4 |   4.0
            +---------+---------+-------+---------+---------+-------
        D:1 |      40 |       0 |   0.0 |      25 |       0 |   0.0
        D:2 |      49 |       0 |   0.0 |      18 |       0 |   0.0
        D:3 |      64 |     166 |  72.2 |      14 |       1 |   6.7
        D:4 |     144 |       0 |   0.0 |       9 |       0 |   0.0
        D:5 |     260 |       0 |   0.0 |       8 |       0 |   0.0
        D:6 |     458 |     520 |  53.2 |      19 |       3 |  13.6
        D:7 |      82 |       0 |   0.0 |       2 |       0 |   0.0
            +---------+---------+-------+---------+---------+-------
